 Dungeon Crawl Stone Soup version 0.27-a0-1136-g0b992a5a9d (webtiles) character file.

Game seed: 3716699873173334067

371 Mesmaeker13 the Caller (level 6, -3/32 HPs)
             Began as a Tengu Summoner on May 5, 2021.
             Was an Initiate of Nemelex Xobeh.
             Killed from afar by Ijyb (5 damage)
             ... with a puff of flame
             ... on level 5 of the Dungeon.
             The game lasted 00:09:37 (6074 turns).

Mesmaeker13 the Caller (Tengu Summoner)             Turns: 6074, Time: 00:09:39

Health: -3/32      AC:  2    Str:  8    XL:     6   Next: 71%
Magic:  9/13       EV: 16    Int: 17    God:    Nemelex Xobeh [......]
Gold:   196        SH:  0    Dex: 15    Spells: 7/13 levels left

rFire    . . .     SeeInvis .   q - +3 war axe "Henuet" {freeze, rC++ Will++}
rCold    + + .     Faith    .   (no shield)
rNeg     . . .     Spirit   .   a - +0 robe
rPois    .         Reflect  .   (helmet restricted)
rElec    .         Harm     .   (no cloak)
rCorr    +         Rampage  .   (no gloves)
Will     ++...                  (boots unavailable)
Stlth    ++........             (no amulet)
HPRegen  0.10/turn              r - ring of resist corrosion
MPRegen  0.13/turn              (no ring)

@: flying quickly and evasively, quick
A: beak, talons 3, nimble flight
a: Renounce Religion, Draw Escape, Draw Destruction, Draw Summoning


You were on level 5 of the Dungeon.
You worshipped Nemelex Xobeh.
Nemelex Xobeh was noncommittal.
You visited 2 branches of the dungeon, and saw 6 of its levels.

You collected 196 gold pieces.

Inventory:

Hand Weapons
 g - a +1 short sword of venom
 p - the +4 trident "Zolam" {vorpal, Str+5 Dex+2}
   (You found it on level 4 of the Dungeon)

   It inflicts extra damage upon your enemies.
   It affects your strength (+5).
   It affects your dexterity (+2).
 q - the +3 war axe "Henuet" (weapon) {freeze, rC++ Will++}
   (You found it on level 4 of the Dungeon)

   It has been specially enchanted to freeze those struck by it, causing extra
   injury to most foes and up to half again as much damage against particularly
   susceptible opponents.
   It can also slow down cold-blooded creatures.
   It greatly protects you from cold.
   It greatly increases your willpower.
Armour
 a - a +0 robe (worn)
Jewellery
 r - a ring of resist corrosion (left hand)
Scrolls
 c - a scroll of noise {unknown}
 d - a scroll of vulnerability
 e - a scroll of blinking {unknown}
 f - a scroll of magic mapping {unknown}
 i - a scroll of enchant weapon
 n - a scroll of fog {unknown}
 t - a scroll of summoning {unknown}
Potions
 h - a potion of degeneration {unknown}
 j - a potion of brilliance
 k - a potion of lignification {unknown}
 l - a potion of attraction {unknown}
 m - a potion of haste {unknown}
 o - a potion of might {unknown}
 s - a potion of berserk rage {unknown}


   Skills:
 + Level 4.6 Dodging
 - Level 2.0 Stealth
 + Level 4.0 Spellcasting
 + Level 6.7 Summonings


You had 7 spell levels left.
You knew the following spells:

 Your Spells              Type           Power      Damage    Failure   Level
a - Summon Small Mammal   Summ           100%       N/A       1%          1
b - Call Imp              Summ           26%        N/A       1%          2
c - Call Canine Familiar  Summ           26%        N/A       3%          3

Your spell library contained the following spells:

 Spells                   Type           Power      Damage    Failure   Level
 Summon Guardian Golem    Hex/Summ       14%        N/A       12%         3
 Magic Dart               Conj           12%        1d3       16%         1
 Sting                    Tmut/Pois      12%        1d3       16%         1
 Blink                    Tloc           N/A        N/A       24%         2
 Poisonous Vapours        Pois/Air       6%         N/A       24%         2
 Slow                     Hex            3%         N/A       24%         2
 Summon Ice Beast         Ice/Summ       14%        N/A       36%         4
 Summon Lightning Spire   Summ/Air       14%        N/A       36%         4
 Conjure Flame            Conj/Fire      3%         6-21      43%         3
 Ignite Poison            Fire/Tmut/Pois 3%         N/A       43%         3
 Mephitic Cloud           Conj/Pois/Air  3%         N/A       43%         3
 Olgreb's Toxic Radiance  Pois           3%         N/A       83%         4


Dungeon Overview and Level Annotations

Branches:
Dungeon (5/15)             Temple (1/1) D:4

Altars:
Ashenzari
Cheibriados
Dithmenos
Elyvilon
Fedhas
Gozag
Hepliaklqana
Kikubaaqudgha
Nemelex Xobeh
Qazlal
Ru
Sif Muna
Trog
Uskayaw
Vehumet
Xom
Yredelemnul
Zin
The Shining One

Annotations:
D:5 Ijyb


Innate Abilities, Weirdness & Mutations

You have a beak for a mouth.
You have claws for feet.
Your magical nature lets you fly swiftly and evasively.


Message History

Magic restored.
You start resting.
Your crimson imp blinks! x2
Your crimson imp disappears in a puff of smoke!
Your shadow imp disappears in a puff of smoke!
Your white imp disappears in a puff of smoke!
HP restored.
Ijyb the Twisted Goblin comes into view.
She is wielding a +0 club and carrying a wand of flame (15).
Ijyb shouts!
Casting: Call Imp (safe; 1% risk of failure)
Confirm with . or Enter, or press ? or * to list all spells.
A beastly little devil appears in a puff of flame.
Casting: Call Imp (safe; 1% risk of failure)
Confirm with . or Enter, or press ? or * to list all spells.
Ijyb closely misses you.
You hit Ijyb. You freeze Ijyb.
Ijyb is lightly wounded.
Your hound bites Ijyb.
Ijyb screams, "You nasty!
Big nasty!"
Ijyb zaps a wand.
The puff of flame misses you.
Your hound bites Ijyb but does no damage.
Ijyb hits you with a +0 club!
Your hound bites Ijyb but does no damage.
Ijyb zaps a wand.
The puff of flame hits you!
You completely miss Ijyb.
Ijyb is moderately wounded.
Your hound barely misses Ijyb.
Your crimson imp closely misses Ijyb.
Your hound bites Ijyb.
Ijyb zaps a wand.
The puff of flame hits you.
* * * LOW HITPOINT WARNING * * *
Your crimson imp hits Ijyb.
Unknown command.
You barely miss Ijyb.
Ijyb is heavily wounded.
Your hound bites Ijyb but does no damage.
Ijyb hits you with a +0 club!
* * * LOW HITPOINT WARNING * * *
Your hound closely misses Ijyb.
Your crimson imp hits Ijyb.
Ijyb zaps a wand.
The puff of flame hits you.
You die...
Your body disappears without a glow.

##.............
#.......####..#..........
#........................
##........................
............(.............
...................g....##
.................. ......#
....[..........hg##....#
................@5.....#
...#######.......##...?#
#### ###.......## ....#
#######.........# ....#
.....##.........# ....#
####.....#.....## #####
######........##
...##[....#.#.###########
.........................


You could see Ijyb (ally target), a friendly hound (summoned) and a friendly
crimson imp (summoned).

Vanquished Creatures
  A water moccasin skeleton (D:5)
  A gnoll (D:4)
  An ufetubus (D:5)
  An adder skeleton (D:4)
  A dart slug (D:4)
  6 orcs
  2 endoplasms
  3 giant cockroaches
  3 goblins
  A hobgoblin (D:4)
  3 jackals (D:2)
  5 kobolds
  2 quokkas
  7 ball pythons
  3 bats
  A frilled lizard (D:3)
  5 rats
46 creatures vanquished.

Vanquished Creatures (collateral kills)
  2 necrophages (D:4)
  A phantom (D:4)
  A scorpion (D:5)
  A gnoll shaman (D:4)
  A jelly (D:5)
  An orc wizard (D:5)
  3 gnolls (D:4)
  An adder (D:3)
  A worm (D:2)
  3 orcs (D:3)
  2 endoplasms
  A giant cockroach (D:2)
  2 goblins
  A hobgoblin (D:1)
  4 jackals (D:2)
  A quokka (D:2)
  2 ball pythons
  2 bats
  A frilled lizard (D:2)
  4 kobolds
  3 rats
38 creatures vanquished.

Grand Total: 84 creatures vanquished

Notes
Turn   | Place    | Note
-------+----------+-------------------------------------------
     0 | D:1      | Mesmaeker13 the Tengu Summoner began the quest for the Orb.
     0 | D:1      | Reached XP level 1. HP: 10/10 MP: 4/4
     6 | D:1      | Noticed a swamp worm
     6 | D:1      | Noticed a black bear
     6 | D:1      | Noticed a scorpion
     7 | D:1      | Noticed a swamp drake
     7 | D:1      | Noticed a wolf
   475 | D:1      | Reached skill level 5 in Summonings
   482 | D:1      | Reached XP level 2. HP: 11/15 MP: 1/6
  1410 | D:1      | Learned a level 2 spell: Call Imp
  1676 | D:2      | Reached XP level 3. HP: 19/19 MP: 3/7
  2871 | D:3      | Found a snail-covered altar of Cheibriados.
  2871 | D:3      | Found a hazy altar of Hepliaklqana.
  3193 | D:3      | Reached XP level 4. HP: 24/24 MP: 6/9
  3419 | D:3      | Found a white marble altar of Elyvilon.
  3421 | D:3      | Found a broken altar of Ashenzari.
  3601 | D:4      | Noticed a phantom
  3685 | D:4      | Identified the +4 trident "Zolam" {vorpal, Str+5 Dex+2}
  3690 | D:4      | Found a staircase to the Ecumenical Temple.
  3749 | D:4      | Identified the +3 war axe "Henuet" {freeze, rC++ Will++}
  3774 | D:4      | Learned a level 3 spell: Call Canine Familiar
  3907 | D:4      | Noticed a necrophage
  3955 | D:4      | Killed a phantom
  4202 | Temple   | Entered the Ecumenical Temple
  4261 | Temple   | Became a worshipper of Nemelex Xobeh the Trickster
  4308 | D:4      | HP: 1/23 [kobold/+0 club (2)]
  4309 | D:4      | Killed a necrophage
  4310 | D:4      | Reached skill level 6 in Summonings
  4310 | D:4      | Gained mutation: Your magical nature lets you fly swiftly
                  | and evasively. [Tengu growth]
  4310 | D:4      | Reached XP level 5. HP: 2/28 MP: 6/11
  4666 | D:4      | Noticed a necrophage
  4718 | D:4      | Killed a necrophage
  4893 | D:4      | Reached XP level 6. HP: 32/32 MP: 12/12
  4932 | D:3      | Found a bloodstained altar of Trog.
  5530 | D:5      | Entered Level 5 of the Dungeon
  6066 | D:5      | Noticed Ijyb
  6074 | D:5      | Killed from afar by Ijyb

Illustrated notes

Levels and vault maps discovered:
D:1:      onia_arrival_zoo_common, layout_basic, lemuel_old_faithful
D:2:      layout_loops_ring, kennysheep_generic_room_8
D:3:      layout_loops_ring, nicolae_overflow_hidden_temple,
          minmay_misc_feat_nine_boxes
D:4:      layout_loops_cross, temple_doors_e
D:5:      layout_rooms, lightli_temple_of_fire, water_boxes_lemuel, uniq_ijyb
Temple:   zaba_magenta_temple

Skill      XL: |  1  2  3  4  5  6 |
---------------+-------------------+-----
Summonings     | 5 6 |  6.7
Dodging        | 3 4 |  4.6
Spellcasting   | 3 4 |  4.0
Stealth        | |  2.0

Action                   |  1- 3 |  4- 6 || total
-------------------------+-------+-------++-------
Melee: Hand axe          |    25 |       ||    25
       Unarmed           |     3 |       ||     3
       Peck              |     8 |     5 ||    13
       Kick              |     5 |     1 ||     6
       Short sword       |    39 |     5 ||    44
       War axe           |       |    31 ||    31
       Trident           |       |     3 ||     3
 Cast: Summon Small Mamm |    19 |       ||    19
       Call Imp          |    16 |    22 ||    38
       Call Canine Famil |       |     9 ||     9
  Use: Scroll            |     2 |     2 ||     4
 Stab: Sleeping          |     5 |     2 ||     7
Armor: Robe              |     7 |     2 ||     9
Dodge: Dodged            |    60 |    40 ||   100

Table legend: (Time is in decaauts)
 A = Elapsed time spent in this place.
 B = Non-inter-level travel time spent in this place.
 C = Inter-level travel time spent in this place.
 D = Time resting spent in this place.
 E = Time spent auto-exploring this place.
 F = Levels seen in this place.
 G = Mean time per level.
                   A        B        C        D        E       F      G
               +--------+--------+--------+--------+--------+-----+--------+
         Total |   6029 |   5870 |    159 |   1561 |   3243 |   6 | 1004.8 |
       Dungeon |   5943 |   5803 |    140 |   1561 |   3200 |   5 | 1188.6 |
        Temple |     86 |     67 |     19 |      0 |     43 |   1 |   86.0 |
               +--------+--------+--------+--------+--------+-----+--------+

Top non-repeatable levels by time:
     D:4: 1734 daAuts
     D:1: 1418 daAuts
     D:3: 1172 daAuts
     D:2: 1084 daAuts
     D:5: 533 daAuts
  Temple: 86 daAuts
